 Dungeon Crawl Stone Soup version 0.31-a0-851-g7ff8af7976 (webtiles) character file.

Game seed: 641910944940088182

3019 LeprechaunX the Mimic (level 9, -4/55 HPs)
             Began as an Octopode Shapeshifter on Oct 6, 2023.
             Was a Follower of Hepliaklqana.
             Slain by a sky beast (5 damage)
             ... on level 7 of the Dungeon.
             The game lasted 00:10:12 (6267 turns).

LeprechaunX the Mimic (Octopode Shapeshifter)       Turns: 6267, Time: 00:10:12

Health: -4/55      AC:  5    Str: 18    XL:     9   Next: 85%
Magic:  9/9        EV: 12    Int: 12    God:    Hepliaklqana [*.....]
Gold:   320        SH:  8    Dex: 11    Spells: 8/8 levels left

rFire   + .          .
                       - Unarmed
rCold   . . .        q - +0 kite shield
rNeg    . . .        (helmet currently unavailable)
rPois   .            d - amulet of the acrobat
rElec   .            k - +4 ring of protection
rCorr   .            y - ring of protection from fire
SInv    .            (no ring)
Will    .....        (no ring)
Stlth   ++           (no ring)
HPRegen 0.29/turn    (no ring)
MPRegen 0.11/turn    (no ring)
                     (no ring)

%: acrobat
@: beast-form
A: beast (slay +4), reduced essence, almost no armour, amphibious, 8 rings,
camouflage 1, gelatinous body 1, (nimble swimmer 1), tentacles
a: Begin Untransformation, Renounce Religion, Recall Ancestor, Ancestor Identity


You were on level 7 of the Dungeon.
You worshipped Hepliaklqana.
Hepliaklqana was aware of your devotion.
You were a hulking beast.
You visited 2 branches of the dungeon, and saw 8 of its levels.

You collected 320 gold pieces.

Inventory:

Hand Weapons
 a - a +0 sling
Missiles
 x - a throwing net
Armour
 q - a +0 kite shield (worn)
Jewellery
 d - an amulet of the acrobat (around mantle)
 k - a +4 ring of protection (left tentacle)
 y - a ring of protection from fire (right tentacle)
Talismans
 b - a beast talisman (active)
 c - a flux talisman
 s - a maw talisman
Wands
 p - a wand of flame (23)
 t - a wand of paralysis (15)
Scrolls
 f - a scroll of revelation {unknown}
 h - 6 scrolls of teleportation {unknown}
 i - a scroll of brand weapon {unknown}
 m - 5 scrolls of identify {unknown}
 v - 2 scrolls of fog {unknown}
 w - a scroll of blinking {unknown}
 A - a scroll of enchant weapon {unknown}
 B - a scroll of torment {unknown}
 C - a scroll of poison {unknown}
Potions
 e - 4 potions of curing {unknown}
 g - a potion of resistance {unknown}
 j - 2 potions of degeneration {unknown}
 l - 2 potions of ambrosia {unknown}
 n - 2 potions of cancellation {unknown}
 o - 2 potions of lignification
 r - a potion of magic {unknown}
 u - a potion of mutation {unknown}
 z - a potion of berserk rage {unknown}
 D - 2 potions of attraction {unknown}


   Skills:
 + Level 6.2 Fighting
 - Level 4.0 Dodging
 + Level 4.5 Shields
 - Level 6.0 Unarmed Combat
 * Level 8.6 Shapeshifting


You had 8 spell levels left.
You didn't know any spells.
Your spell library contained the following spells:

 Spells                   Type           Power      Damage    Failure   Level
 Freeze                   Ice            0%         1d3       63%         1
 Poisonous Vapours        Pois/Air       0%         N/A       77%         2
 Frozen Ramparts          Ice            0%         1d1       94%         3
 Hailstorm                Conj/Ice       0%         3d3       94%         3
 Mephitic Cloud           Conj/Pois/Air  0%         N/A       94%         3
 Ozocubu's Armour         Ice            0%         N/A       94%         3
 Volatile Blastmotes      Fire/Tloc      0%         2d10      94%         3
 Fulminant Prism          Conj/Hex       0%         3d5       100%        4
 Iskenderun's Mystic Bla  Conj/Tloc      0%         2d3       100%        4
 Freezing Cloud           Conj/Ice/Air   0%         6-21      100%        5
 Metabolic Englaciation   Hex/Ice        0%         N/A       100%        5
 Simulacrum               Ice/Necr       0%         N/A       100%        6


Dungeon Overview and Level Annotations

Branches:
Dungeon (7/15)             Temple (1/1) D:6

Altars:
Ashenzari
Cheibriados
Dithmenos
Elyvilon
Fedhas
Gozag
Hepliaklqana
Makhleb
Nemelex Xobeh
Okawaru
Qazlal
Ru
Sif Muna
Trog
Vehumet
Yredelemnul
Zin
The Shining One

Shops:
D:4 !*   D:6 *(:

Annotations:
D:3 exclusion: oklob plant


Innate Abilities, Weirdness & Mutations

You are a hulking beast.
Your limbs bulge with bestial killing power. (Slay +4)
Your life essence is reduced to manifest your ancestor. (-10% HP)
You cannot wear most types of armour.
You are amphibious.
You can wear up to eight rings at the same time.
Your skin changes colour to match your surroundings (Stealth+).
Your rubbery body absorbs attacks. (AC +1, EV +1)
((You are camouflaged when in or above water. (Stealth+)))
You have tentacles for arms and can constrict up to eight enemies at once.


Message History

You block the scorpion's attack.
You tentacle-slap the scorpion. Your grab misses the scorpion.
You squeeze the scorpion!
The scorpion is almost dead.
The killer bee stings you but does no damage. x2
The scorpion closely misses you.
Matia barely misses the scorpion.
You tentacle-slap the scorpion but do no damage.
Your grab misses the scorpion. Your squeeze misses the scorpion.
The scorpion is almost dead.
The killer bee misses you. The scorpion misses you.
You block the killer bee's attack. The scorpion barely misses you.
Matia hits the scorpion.
The scorpion dies!
You tentacle-slap the killer bee. Your grab misses the killer bee.
Your squeeze misses the killer bee.
The killer bee is heavily wounded.
The killer bee stings you but does no damage. x2
Matia closely misses the killer bee.
You barely miss the killer bee. You grab the killer bee.
The killer bee is heavily wounded.
You constrict the killer bee. The killer bee stings you.
Something hits you but does no damage. The killer bee stings you!
Matia hits the killer bee!
The killer bee dies!
You miss something. Your squeeze misses something.
Something hits you but does no damage.
Matia hits something.
You closely miss something. The sleepcap releases spores at you.
Something hits you. Something shocks you.
Matia barely misses something.
Something hits you. Something shocks you.
* * * LOW HITPOINT WARNING * * *
The sleepcap releases spores at you!
* * * LOW HITPOINT WARNING * * *
You are engulfed in a cloud of soporific spores!
You fall asleep.
Matia hits something.
The sleepcap releases spores at you but does no damage.
Something hits you.
You wake up.
* * * LOW HITPOINT WARNING * * *
Something shocks you.
You die...

##################### #..#
#...#.....#.....#.... #..#
#y8W#.....#..)..#.... #..#
#..{#..#..#..#..#..#. #..#
#'###..#..#..#..#..#. #..#
#.W{R..#.....#.....#. #..#
#.5fh..#.....#.....#.
#..###########################)
#..>...........................
#..######......................
#..# ######################.
#..# ##### .....#.....# ....#.
#..# #...#......#.....#.....#.
##..# #.###+###..#..#..#..#..#.
#...####.# #..#..#..#..#..#.


You could see the friendly Matia the ancestor, a phantom, a sleepcap and a white
imp.

Vanquished Creatures
  A manticore (D:7)
  Grinder (D:3)
  Menkaure (D:4)
  An orc warrior (Temple)
  3 ice beasts
  2 ogres
  A black bear (D:6)
  A centaur (D:7)
  A gnoll sergeant (D:4)
  3 bullfrogs
  3 scorpions
  4 wights
  A howler monkey (D:5)
  A jelly (D:7)
  A hound (D:5)
  7 orc priests
  3 iguanas
  A sleepcap (D:5)
  6 orc wizards
  Robin (D:4)
  12 gnolls
  11 adders
  2 shadow imps
  A worm (D:2)
  3 dart slugs
  22 orcs
  7 endoplasms
  2 giant cockroaches
  11 goblins
  11 hobgoblins
  3 jackals (D:4)
  6 kobolds
  6 quokkas
  8 ball pythons
  4 bats
  4 frilled lizards
  4 rats
160 creatures vanquished.

Vanquished Creatures (collateral kills)
  A scorpion (D:7)
  A killer bee (D:7)
2 creatures vanquished.

Vanquished Creatures (others)
  An ancestor (D:7)
1 creature vanquished.

Grand Total: 163 creatures vanquished

Notes
Turn   | Place    | Note
-------+----------+-------------------------------------------
     0 | D:1      | LeprechaunX the Octopode Shapeshifter began the quest for
                  | the Orb.
     0 | D:1      | Reached XP level 1. HP: 13/13 MP: 1/1
    74 | D:1      | Reached XP level 2. HP: 4/18 MP: 2/2
   714 | D:2      | Reached XP level 3. HP: 23/23 MP: 3/3
  1491 | D:2      | Reached XP level 4. HP: 23/29 MP: 4/4
  1741 | D:3      | Noticed Grinder
  1767 | D:3      | Killed Grinder
  1768 | D:3      | Reached skill level 4 in Shapeshifting
  1768 | D:3      | Reached XP level 5. HP: 26/36 MP: 5/5
  1768 | D:3      | Reached XP level 6. HP: 30/41 MP: 6/6
  1983 | D:3      | Found a snail-covered altar of Cheibriados.
  2486 | D:3      | Found a blossoming altar of Fedhas.
  2498 | D:3      | Noticed an oklob plant
  2605 | D:4      | Found Nunix's General Store.
  2753 | D:3      | Reached skill level 5 in Shapeshifting
  2753 | D:3      | Reached XP level 7. HP: 17/46 MP: 7/7
  3119 | D:4      | Identified the +4 leather armour "Houtarr" {Rampage rPois
                  | rC- Str+4}
  3358 | D:4      | Noticed Robin
  3361 | D:4      | Killed Robin
  3586 | D:4      | Noticed Menkaure
  3591 | D:4      | Killed Menkaure
  3611 | D:4      | Found Bikhlid's Distillery.
  3730 | D:5      | Entered Level 5 of the Dungeon
  3795 | D:5      | Found a radiant altar of Vehumet.
  3816 | D:5      | Reached skill level 5 in Unarmed Combat
  3816 | D:5      | Reached skill level 6 in Shapeshifting
  3816 | D:5      | Reached XP level 8. HP: 47/54 MP: 8/8
  4029 | D:5      | Reached skill level 1 in Shields
  4173 | D:5      | Found a stormy altar of Qazlal.
  4988 | D:6      | Found a staircase to the Ecumenical Temple.
  5010 | Temple   | Entered the Ecumenical Temple
  5025 | Temple   | Became a worshipper of Hepliaklqana the Forgotten
  5065 | D:6      | Found Laz Pups's Book Boutique.
  5130 | D:6      | Found Tetask's Antique Weapon Shop.
  5178 | D:6      | Reached skill level 7 in Shapeshifting
  5214 | D:6      | Reached skill level 5 in Fighting
  5214 | D:6      | Reached XP level 9. HP: 11/61 MP: 9/9
  5496 | D:6      | Found Rywk's Assorted Antiques.
  5990 | D:7      | Found a sacrificial altar of Ru.
  6076 | D:7      | Noticed a manticore
  6083 | D:7      | Reached * piety under Hepliaklqana
  6101 | D:7      | Reached skill level 8 in Shapeshifting
  6142 | D:7      | Killed a manticore
  6267 | D:7      | HP: 1/55 [something (6)]
  6267 | D:7      | Slain by a sky beast

Illustrated notes

Levels and vault maps discovered:
D:1:      dpeg_arrival_tiny_a, layout_rooms, chequers_avenue,
          nicolae_figureground_sparkle
D:2:      layout_loops_corners, minmay_misc_feat_secret_circle, st_stairs_12
D:3:      layout_loops_cross, tgw_fedhas, mainiacjoe_overflow_brackets,
          minmay_misc_feat_iff, uniq_grinder
D:4:      layout_cave_pools, serial_shops, shop,
          nicolae_shop_tiny_real_fake_doors, lightli_minifort, uniq_menkaure,
          uniq_robin
D:5:      layout_loops_cross, mainiacjoe_overflow_alcove_1,
          mainiacjoe_overflow_paths, chequers_serial_rivers_micro_a,
          kennysheep_small_spiral
D:6:      layout_basic, minmay_temple_entry_slanted, serial_shops,
          nicolae_shop_window_shopping, nicolae_diamond_shop, shop
D:7:      kennysheep_windowed_halls, layout_loops_ring, nicolae_ru_awakened_eye,
          mainiacjoe_overflow_chevrons, mainiacjoe_overflow_surrounded_room,
          enter_bailey_3, uniq_pikel
Temple:   nicolae_temple_bog_church

Skill      XL: |  1  2  3  4  5  6  7  8  9 |
---------------+----------------------------+-----
Fighting       | 2 3 4 5 6 |  6.2
Dodging        | 3 4 |  4.0
Unarmed Combat | 4 5 6 |  6.0
Shapeshifting  | 4 5 6 7 8 |  8.6
Shields        | 2 4 |  4.5

Action                     |  1- 3 |  4- 6 |  7- 9 || total
---------------------------+-------+-------+-------++-------
  Melee: Unarmed           |    64 |    89 |   243 ||   396
         Constrict         |    13 |    28 |    53 ||    94
         Tentacles         |     7 |    26 |    49 ||    82
         Punch             |     2 |     2 |     7 ||    11
   Fire: Sling             |       |       |    84 ||    84
   Stab: Sleeping          |     6 |     1 |     4 ||    11
 Armour: Skin              |    17 |    14 |   119 ||   150
  Dodge: Dodged            |    35 |    37 |   152 ||   224
  Block: Kite shield       |       |       |    58 ||    58

Table legend: (Time is in decaauts)
 A = Elapsed time spent in this place.
 B = Non-inter-level travel time spent in this place.
 C = Inter-level travel time spent in this place.
 D = Time resting spent in this place.
 E = Time spent auto-exploring this place.
 F = Levels seen in this place.
 G = Mean time per level.
                   A        B        C        D        E       F      G
               +--------+--------+--------+--------+--------+-----+--------+
         Total |   6293 |   5970 |    323 |    852 |   3784 |   8 |  786.6 |
       Dungeon |   6135 |   5840 |    295 |    733 |   3784 |   7 |  876.4 |
        Temple |    158 |    130 |     28 |    119 |      0 |   1 |  158.0 |
               +--------+--------+--------+--------+--------+-----+--------+

Top non-repeatable levels by time:
     D:5: 1214 daAuts
     D:3: 1212 daAuts
     D:2: 993 daAuts
     D:6: 897 daAuts
     D:4: 832 daAuts
     D:1: 703 daAuts
     D:7: 280 daAuts
  Temple: 158 daAuts
